 Dungeon Crawl Stone Soup version 0.26-a0-651-gb41185065b (webtiles) character file.

Game seed: 10046238368910435157

16 gbos the Sneak (level 2, -1/25 HPs)
             Began as a Naga Wanderer on Oct 9, 2020.
             Slain by a jackal (2 damage)
             ... on level 1 of the Dungeon.
             The game lasted 00:02:37 (1194 turns).

gbos the Sneak (Naga Wanderer)                      Turns: 1194, Time: 00:02:37

Health: -1/25      AC:  1    Str: 13    XL:     2   Next: 58%
Magic:  3/3        EV:  9    Int: 12    God:
Gold:   54         SH:  0    Dex: 11    Spells: 2/3 levels left

rFire    . . .     SeeInvis +   a - +2 dagger
rCold    . . .     Faith    .   (no shield)
rNeg     . . .     Spirit   .   e - +0 robe
rPois    +         Reflect  .   (no helmet)
rElec    .         Harm     .   (no cloak)
rCorr    .         Rampage  .   (no gloves)
MR       .....                  (no barding)
Stlth    +++.......             (no amulet)
HPRegen  0.08/turn              (no ring)
MPRegen  0.08/turn              (no ring)

@: mighty, short of breath, very slow
A: large, see invisible, deformed body, poison resistance, slowness 2, spit
poison 1, AC +0
a: Spit Poison


You were on level 1 of the Dungeon.
You visited 1 branch of the dungeon, and saw 1 of its levels.

You collected 54 gold pieces.


Innate Abilities, Weirdness & Mutations

You cannot wear boots.
Your serpentine skin is tough. (AC +0)
You have supernaturally acute eyesight. (SInv)
Armour fits poorly on your strangely shaped body.
Your system is resistant to poisons. (rPois)
You cover ground very slowly.
You can spit poison.


   Skills:
 + Level 1.3 Fighting
   Level 1.0 Polearms
 - Level 1.0 Dodging
 + Level 5.2 Stealth
 - Level 1.0 Spellcasting
 - Level 3.0 Transmutations
   Level 1.0 Fire Magic


You had 2 spell levels left.
You knew the following spells:

 Your Spells              Type           Power        Failure   Level
z - Beastly Appendage     Tmut           #.....       9%          1

Your spell library contained the following spells:

 Spells                   Type           Power        Failure   Level
 Ignite Poison            Fire/Tmut/Pois #.......     45%         3

Inventory:

Hand Weapons
 a - a +2 dagger (weapon)
Armour
 e - a +0 robe (worn)
Scrolls
 b - a scroll of fear
 c - a scroll of teleportation {@r4}

Dungeon Overview and Level Annotations

Branches:
Dungeon (1/15)

Altars:

.▒ ▒▒.▒▒▒▒.....)..▒▒▒ ▒..... ▒▒
▒▒.▒▒.......▒▒.....▒..... ▒▒▒
▒..▒▒.▒▒▒...▒▒▒▒▒.....▒▒▒ ..▒▒▒▒▒
▒.........▒....▒▒ .▒▒....
▒.....▒▒▒.......▒....▒..▒ .▒▒▒▒.
▒▒▒▒▒...........▒▒▒>.... ▒ ▒.
▒▒▒▒▒.......▒▒..... ▒ ▒.
▒▒▒▒▒▒▒▒▒.▒▒▒..▒▒▒..▒▒...▒ ...
......▒▒..▒▒..lhN...▒▒▒..▒▒▒ ▒▒..
......▒▒.▒▒▒...▒▒†▒.▒....... ▒▒
............................ ..
......▒..▒▒▒...▒.▒▒.▒.....▒.▒▒▒.▒
.........▒▒▒.....▒▒)▒...▒▒.......
▒▒▒▒..▒▒.........▒▒.....▒▒.▒.....
▒▒.▒▒▒▒▒▒▒........▒...▒▒.......
▒▒▒..▒ ▒........................
▒...▒▒ ▒.▒▒▒▒▒▒.▒▒▒....▒▒.......


You could see a jackal and a frilled lizard.


Message History

The jackal bites you.
* * * LOW HITPOINT WARNING * * *
The jackal misses you.
Unknown command.
Use which ability? (? or * to list)
Aim: a jackal The splash of poison hits the jackal.
The jackal is poisoned.
You kill the jackal!
The jackal misses you. The jackal bites you.
* * * LOW HITPOINT WARNING * * *
Things that are here:
a jackal corpse; a jackal corpse Use which ability? (? or * to list)
You can't do that yet.
You closely miss the jackal. The jackal bites you.
* * * LOW HITPOINT WARNING * * *
The jackal bites you.
* * * LOW HITPOINT WARNING * * *
You hit the jackal but do no damage. The jackal bites you.
* * * LOW HITPOINT WARNING * * *
It was a potion of might.
You feel very mighty all of a sudden. The jackal bites you.
* * * LOW HITPOINT WARNING * * *
The jackal bites you.
You die...

Action                   || total
-------------------------++-------
Melee: Dagger            ||    26
 Abil: Spit Poison       ||    13
  Use: Potion            ||     1
Dodge: Dodged            ||    20

Levels and vault maps discovered:
D:1:      saegor_arrival_simple_b, layout_rooms, minmay_misc_feat_columns

Notes
Turn   | Place    | Note
-------+----------+-------------------------------------------
     0 | D:1      | gbos the Naga Wanderer began the quest for the Orb.
     0 | D:1      | gbos set off with the following items: a +2 dagger, a
                  | scroll of fear, a scroll of teleportation {@r4}, a +0 robe;
                  | and the following spell memorised: Beastly Appendage; and
                  | the following spells available to memorise: Ignite Poison
     0 | D:1      | Reached XP level 1. HP: 15/15 MP: 2/2
   621 | D:1      | Reached skill level 1 in Fighting
   621 | D:1      | Reached XP level 2. HP: 25/25 MP: 3/3
   870 | D:1      | Reached skill level 5 in Stealth
  1193 | D:1      | HP: 2/25 [jackal (1)]
  1194 | D:1      | Slain by a jackal

Vanquished Creatures
  A leopard gecko (D:1)
  A bat (D:1)
  A goblin (D:1)
  3 hobgoblins (D:1)
  3 jackals (D:1)
  A frilled lizard (D:1)
  A kobold (D:1)
  3 rats (D:1)
14 creatures vanquished.
